 Dungeon Crawl Stone Soup version 0.28.0 (webtiles) character file.

Game seed: 15327536020528222111

6372 fragbeetle the Severer (level 10, -1/86 HPs)
             Began as a Hill Orc Fighter on Feb 10, 2022.
             Was a Believer of Uskayaw.
             Slain by a kobold demonologist (4 damage)
             ... on level 10 of the Dungeon.
             The game lasted 00:18:36 (11664 turns).

fragbeetle the Severer (Hill Orc Fighter)          Turns: 11664, Time: 00:18:36

Health: -1/86      AC:  0    Str: 24      XL:     10   Next: 97%
Magic:  17/17      EV:  6    Int:  8      God:    Uskayaw [**....]
Gold:   519        SH:  4    Dex:  8 (10) Spells: 9/9 levels left

rFire   . . .      SeeInvis .   a - +0 war axe
rCold   . . .      Faith    .   c - +0 buckler
rNeg    . . .      Spirit   .   t - +0 plate armour
rPois   .          Reflect  .   s - +2 helmet
rElec   .          Harm     .   J - +1 cloak
rCorr   .          Rampage  .   (no gloves)
Will    .....                   H - +0 pair of boots
Stlth   ..........              (no amulet)
HPRegen 0.24/turn               (no ring)
MPRegen 0.15/turn               (no ring)

@: spiked, corroded
A: no striking features
a: Renounce Religion, Stomp, Line Pass


You were on level 10 of the Dungeon.
You worshipped Uskayaw.
Uskayaw was aware of your devotion.
You visited 2 branches of the dungeon, and saw 11 of its levels.
You also visited: Ossuary.

You collected 519 gold pieces.

Inventory:

Hand Weapons
 a - a +0 war axe (weapon)
 k - a +4 spectral club
 G - a +3 spear
 L - a +1 hand axe of flaming
 O - the +4 rapier "Dragon's Tongue" {vorpal, rPois rF+ Will+ Stlth+}
   (You found it on level 9 of the Dungeon)

   It inflicts extra damage upon your enemies.
   rF:        It protects you from fire.
   rPois:     It protects you from poison.
   Will:      It increases your willpower.
   Stlth:     It makes you more stealthy.
Missiles
 D - 41 poisoned darts (quivered)
 E - 4 throwing nets
Armour
 c - a +0 buckler (worn)
 q - a +0 kite shield
 s - a +2 helmet (worn)
 t - a +0 plate armour (worn)
 H - a +0 pair of boots (worn)
 J - a +1 cloak (worn)
Jewellery
 g - a ring of poison resistance
 l - an amulet of the acrobat
Wands
 h - a wand of mindburst (3)
 y - a wand of flame (29)
 F - a wand of polymorph (18)
 I - a wand of digging (5)
 K - a wand of paralysis (15)
Scrolls
 b - 2 scrolls of vulnerability
 e - 4 scrolls of teleportation
 m - 4 scrolls of fog
 n - 3 scrolls of enchant weapon
 p - 2 scrolls of immolation {unknown}
 r - a scroll of magic mapping {unknown}
 x - 2 scrolls of noise {unknown}
 z - 2 scrolls of silence {unknown}
 B - 2 scrolls of brand weapon {unknown}
 C - a scroll of torment {unknown}
 M - a scroll of blinking {unknown}
Potions
 d - 2 potions of might
 f - 5 potions of curing
 i - a potion of lignification {unknown}
 j - a potion of heal wounds
 o - a potion of ambrosia {unknown}
 u - 3 potions of haste
 v - 4 potions of invisibility
 w - 3 potions of resistance
 A - a potion of flight
Miscellaneous
 N - a phial of floods


   Skills:
 - Level 7.0 Fighting
 - Level 16.0 Axes
 + Level 6.4 Armour
 - Level 3.2 Shields
 - Level 10.0 Invocations


You had 9 spell levels left.
You didn't know any spells.
Your spell library contained the following spells:

 Spells                   Type           Power      Damage    Failure   Level
 Sting                    Tmut/Pois      0%         1d3       100%        1
 Ensorcelled Hibernation  Hex/Ice        0%         N/A       100%        2
 Passwall                 Tmut/Erth      0%         N/A       100%        2
 Poisonous Vapours        Pois/Air       0%         N/A       100%        2
 Mephitic Cloud           Conj/Pois/Air  0%         N/A       100%        3
 Swiftness                Air            0%         N/A       100%        3
 Olgreb's Toxic Radiance  Pois           0%         N/A       100%        4
 Freezing Cloud           Conj/Ice/Air   0%         6-21      100%        5
 Statue Form              Tmut/Erth      0%         N/A       100%        6


Dungeon Overview and Level Annotations

Branches:
Dungeon (10/15)            Temple (1/1) D:6         Ossuary (visited)
   Lair: D:8-11         Orc: D:9-12

Altars:
Ashenzari
Cheibriados
Dithmenos
Elyvilon
Fedhas
Gozag
Hepliaklqana
Kikubaaqudgha
Makhleb
Nemelex Xobeh
Okawaru
Qazlal
Ru
Sif Muna
Trog
Uskayaw
Vehumet
Wu Jian
Xom
Yredelemnul
Zin
The Shining One

Shops:
D:8 *

Annotations:
D:6 exclusions: centaur and 4 more exclusions
D:8 Gastronok


Message History

You hit the hellwing but do no damage. You slash the quasit!
The quasit bites you.
You feel clumsy.
The quasit claws you but does no damage. x2
The hellwing hits you! You block the hellwing's attack.
You block the kobold demonologist's attack.
The rust devil barely misses you.
You hit the kobold demonologist.
The kobold demonologist is heavily wounded.
You closely miss the quasit. You hit the hellwing but do no damage.
You hit the rust devil but do no damage.
The quasit bites you.
You feel clumsy.
The quasit claws you but does no damage. x2
The red devil hits you from afar with a +0 trident!
Barbed spikes become lodged in your body.
The kobold demonologist closely misses you.
The hellwing hits you!
The hellwing hits you but does no damage.
You barely miss the kobold demonologist.
The kobold demonologist is heavily wounded.
You hit the rust devil but do no damage.
You hit the hellwing but do no damage. You closely miss the quasit.
The quasit bites you but does no damage.
The quasit claws you but does no damage. x2
The rust devil hits you! The rust devil corrodes you!
The red devil hits you from afar with a +0 trident!!
* * * LOW HITPOINT WARNING * * *
Barbed spikes become lodged in your body.
You barely miss the kobold demonologist.
The kobold demonologist is heavily wounded.
You hit the rust devil. You closely miss the hellwing.
You closely miss the quasit. You block the quasit's attack.
The quasit closely misses you. You block the quasit's attack.
The hellwing hits you!
* * * LOW HITPOINT WARNING * * *
The hellwing hits you.
* * * LOW HITPOINT WARNING * * *
The kobold demonologist hits you with a +0 dagger.
You die...

#.......#.......
#.......#.......
#.......#.......
#......##.....#
#......#......#
#......#5.....#
#......#K54...#
.#####......#@4....#
........###'#4.....#
........#..........#
........#..........#
........#........$.#
........#..>.$.....#
...........#..........#
...........#..........#
...........#..........#


You could see a hellwing (summoned), a rust devil (summoned), a kobold
demonologist, a red devil (summoned), a quasit (summoned) and a shadow imp
(summoned).

Vanquished Creatures
  A two-headed ogre (D:9)
  Pikel (D:8)
  A kobold demonologist (D:9)
  A hornet (D:8)
  6 yaks (D:6)
  A vampire (D:9)
  A wyvern (D:10)
  Grum (D:8)
  A steam dragon (D:9)
  An ice beast (D:5)
  2 water moccasins
  A black bear (D:5)
  2 centaurs
  4 wolves (D:8)
  6 kobold brigands
  2 bullfrogs
  An elf zombie (Ossuary)
  3 wyvern zombies
  2 gnoll sergeants
  2 scorpions
  A wyvern skeleton (D:7)
  5 wights
  A centaur zombie (D:9)
  A bullfrog zombie (D:5)
  2 jellies
  A human zombie (Ossuary)
  5 hounds
  2 bullfrog skeletons (D:5)
  2 gnoll shamans (D:9)
  6 orc priests
  2 centaur skeletons
  4 orc wizards
  Terence (D:2)
  2 iguanas
  2 hound zombies (Ossuary)
  5 mummies
  Robin (D:2)
  17 gnolls
  4 adders
  A shadow imp (D:7)
  A white imp (D:6)
  An ufetubus (D:3)
  An adder skeleton (D:5)
  A worm (D:4)
  2 dart slugs
  23 orcs
  7 ball pythons
  7 bats
  5 endoplasms
  2 giant cockroaches
  A gnoll zombie (Ossuary)
  15 goblins
  10 hobgoblins
  17 jackals
  2 quokkas
  2 frilled lizards
  2 goblin zombies
  A hobgoblin zombie (D:4)
  2 jackal zombies (Ossuary)
  16 kobolds
  2 kobold zombies (Ossuary)
  3 rats
  2 rat zombies (Ossuary)
230 creatures vanquished.

Vanquished Creatures (others)
  10 plants (D:5)
10 creatures vanquished.

Grand Total: 240 creatures vanquished

Notes
Turn   | Place    | Note
-------+----------+-------------------------------------------
     0 | D:1      | fragbeetle the Hill Orc Fighter began the quest for the
                  | Orb.
     0 | D:1      | Reached XP level 1. HP: 19/19 MP: 1/1
    17 | D:1      | Found a faded altar of an unknown god.
    30 | D:1      | Reached skill level 3 in Axes
   130 | D:1      | Reached XP level 2. HP: 23/26 MP: 2/2
   254 | D:1      | Reached skill level 4 in Axes
   589 | D:1      | Reached XP level 3. HP: 25/31 MP: 3/3
  1184 | D:2      | Noticed Robin
  1189 | D:2      | Reached skill level 5 in Axes
  1210 | D:2      | Killed Robin
  1211 | D:2      | Reached XP level 4. HP: 30/39 MP: 4/4
  1519 | D:2      | Noticed Terence
  1539 | D:2      | Killed Terence
  1540 | D:2      | Reached skill level 6 in Axes
  2217 | D:3      | Reached XP level 5. HP: 43/45 MP: 5/5
  2450 | D:3      | Reached skill level 7 in Axes
  2585 | D:3      | Found a shadowy altar of Dithmenos.
  2932 | D:4      | Got the Catalogue of Earthen Attacks
  2995 | D:4      | Found a sand-covered staircase.
  3059 | Ossuary  | Entered an ossuary
  3070 | Ossuary  | Reached skill level 8 in Axes
  3070 | Ossuary  | Reached XP level 6. HP: 31/51 MP: 6/6
  3327 | Ossuary  | Reached skill level 9 in Axes
  4303 | D:5      | Entered Level 5 of the Dungeon
  4389 | D:5      | Reached XP level 7. HP: 54/57 MP: 7/7
  4517 | D:5      | Reached skill level 10 in Axes
  5031 | D:5      | Reached skill level 11 in Axes
  5272 | D:5      | Reached XP level 8. HP: 34/64 MP: 8/8
  5685 | D:6      | Reached skill level 12 in Axes
  6655 | D:6      | Reached skill level 13 in Axes
  7133 | D:6      | Noticed a yak
  7133 | D:6      | Noticed a yak
  7141 | D:6      | Noticed a yak
  7142 | D:6      | Noticed a yak
  7143 | D:6      | Noticed a yak
  7144 | D:6      | Noticed a yak
  7150 | D:6      | Killed a yak
  7151 | D:6      | Reached skill level 14 in Axes
  7181 | D:6      | Killed a yak
  7182 | D:6      | Reached XP level 9. HP: 60/70 MP: 9/9
  7189 | D:6      | Reached skill level 15 in Axes
  7523 | D:6      | Reached skill level 16 in Axes
  7675 | D:6      | Found a staircase to the Ecumenical Temple.
  7793 | Temple   | Entered the Ecumenical Temple
  7941 | Temple   | Became a worshipper of Uskayaw the Reveller
  8090 | D:7      | Reached * piety under Uskayaw
  8174 | D:7      | Reached ** piety under Uskayaw
  8224 | D:7      | Reached *** piety under Uskayaw
  8226 | D:7      | Reached skill level 5 in Fighting
  8419 | D:7      | Found a burning altar of Makhleb.
  8899 | D:8      | Noticed Gastronok
  8912 | D:8      | Reached skill level 1 in Invocations
  9020 | D:8      | Noticed Pikel
  9032 | D:8      | Killed Pikel
  9033 | D:8      | Reached skill level 5 in Invocations
  9033 | D:8      | Reached XP level 10. HP: 80/86 MP: 10/14
  9502 | D:8      | Found Ipadim's General Store.
  9631 | D:8      | Noticed Grum
  9654 | D:8      | Killed Grum
 10312 | D:9      | Identified the +4 rapier "Dragon's Tongue" {vorpal, rPois
                  | rF+ Will+ Stlth+}
 10318 | D:9      | Noticed a kobold demonologist
 10333 | D:9      | Reached **** piety under Uskayaw
 10336 | D:9      | Killed a kobold demonologist
 10338 | D:9      | Reached ***** piety under Uskayaw
 10560 | D:9      | HP: 2/86 [something (9)]
 10566 | D:9      | Reached skill level 10 in Invocations
 11098 | D:9      | Noticed a two-headed ogre
 11108 | D:9      | Killed a two-headed ogre
 11109 | D:9      | Reached skill level 5 in Armour
 11563 | D:10     | Entered Level 10 of the Dungeon
 11643 | D:10     | Noticed a kobold demonologist
 11647 | D:10     | Noticed a rust devil
 11664 | D:10     | HP: 3/86 [hellwing[a kobold demonologist] (2)]
 11664 | D:10     | Slain by a kobold demonologist

Illustrated notes

Levels and vault maps discovered:
D:1:      amcnicky_arrival_blooded_trapdoor, layout_loops_ring,
          dreamdust_ecumenical_altar_statues, hangedman_decor_riveting
D:2:      layout_rooms, serial_curves, eino_curves_03, eino_curves_01,
          eino_curves_04, eino_curves_02, grunt_ministairs_5,
          kennysheep_cluttered_room, uniq_robin, uniq_terence
D:3:      layout_basic, nicolae_dithmenos_shadow_blocks
D:4:      layout_cave_pods, nicolae_ossuary_entry_giza,
          kennysheep_generic_room_10
D:5:      layout_rooms, dk_noncrumbling_4, lexackson_kobold_supper
D:6:      nicolae_whirlpool, layout_basic, temple_hall
D:7:      layout_rooms, david_defended_altar_orc
D:8:      layout_cave_pods, lair_entry_dummy, serial_shops,
          nicolae_inconvenience_store, uniq_gastronok, uniq_grum, uniq_pikel
D:9:      layout_irregular_city
D:10:     layout_irregular_city, hangedman_decor_lopped
Temple:   kilobyte_greek_temple

Skill      XL: |  1  2  3  4  5  6  7  8  9 10 |
---------------+-------------------------------+-----
Axes           | 3 4 5 6 8 9 11 14 16 | 16.0
Fighting       | 7 |  7.0
Invocations    | 5 10 | 10.0
Armour         | 6 |  6.4
Shields        | |  3.2

Action                   |  1- 3 |  4- 6 |  7- 9 | 10-12 || total
-------------------------+-------+-------+-------+-------++-------
Melee: War axe           |    89 |   224 |   327 |   172 ||   812
Evoke: Wand              |       |       |     4 |     6 ||    10
  Use: Scroll            |       |       |       |     9 ||     9
       Potion            |       |       |       |     3 ||     3
 Stab: Paralysed         |       |       |    12 |    17 ||    29
Armor: Scale mail        |    50 |    39 |       |       ||    89
       Chain mail        |       |    69 |       |       ||    69
       Plate armour      |       |    16 |   166 |   124 ||   306
Dodge: Dodged            |    36 |   100 |    77 |    42 ||   255
Block: Buckler           |    14 |    46 |    61 |    37 ||   158
